 Dungeon Crawl Stone Soup version 0.28-a0-1429-gf3d713df7a (webtiles) character file.

Game seed: 632162121717002512

20640 HallandMoats the Eye of the Storm (level 12, -10/100 HPs)
             Began as a Demonspawn Fighter on Jan 9, 2022.
             Was a Priest of Qazlal.
             Killed from afar by an ogre mage (14 damage)
             ... with a bolt of magma
             ... on level 13 of the Dungeon.
             The game lasted 00:18:18 (15784 turns).

HallandMoats the Eye of the Storm (DsFi)           Turns: 15784, Time: 00:18:22

Health: -10/100    AC: 14    Str: 20    XL:     12   Next: 47%
Magic:  0/31       EV: 12    Int: 11    God:    Qazlal [***...]
Gold:   840        SH: 15    Dex: 13    Spells: 11/11 levels left

rFire   . . .      SeeInvis +   a - +0 broad axe
rCold   . . .      Faith    .   c - +1 buckler
rNeg    . . .      Spirit   +   i - +0 scale mail
rPois   .          Reflect  +   C - +0 helmet
rElec   .          Harm     .   D - +0 cloak
rCorr   +          Rampage  .   r - +0 pair of gloves
Will    .....                   (no boots)
Stlth   ..........              v - amulet of Ciofoxt {Reflect SH+5 SInv}
HPRegen 0.26/turn               A - ring of magical power
MPRegen 0.44/turn               F - ring of resist corrosion

@: no status effects
A: slimy green scales 1, spiny 2, magic shield, magic regeneration, magic link
a: Renounce Religion, Upheaval, Elemental Force


You were on level 13 of the Dungeon.
You worshipped Qazlal.
Qazlal was most pleased with you.
You visited 2 branches of the dungeon, and saw 14 of its levels.
You also visited: Bailey.

You collected 840 gold pieces.

Inventory:

Hand Weapons
 a - a +0 broad axe (weapon)
 b - a +1 whip of electrocution
Missiles
 k - a throwing net (quivered)
Armour
 c - a +1 buckler (worn)
 i - a +0 scale mail (worn)
 r - a +0 pair of gloves (worn)
 C - a +0 helmet (worn)
 D - a +0 cloak (worn)
Jewellery
 v - the amulet of Ciofoxt (around neck) {Reflect SH+5 SInv}
   (You acquired it on level 10 of the Dungeon)

   [amulet of reflection]

   It reflects blocked missile attacks.
   SInv:      It lets you see invisible.
   SH:        It affects your SH (+5).
 A - a ring of magical power (left hand)
 F - a ring of resist corrosion (right hand)
Wands
 t - a wand of mindburst (7)
 y - a wand of acid (6)
 B - a wand of flame (31)
 H - a wand of iceblast (5)
Scrolls
 f - a scroll of silence
 g - 3 scrolls of identify
 j - a scroll of enchant armour
 l - 4 scrolls of teleportation
 p - a scroll of immolation
 z - 3 scrolls of amnesia
 E - 2 scrolls of enchant weapon
Potions
 d - 3 potions of ambrosia
 e - 3 potions of curing
 h - 3 potions of invisibility
 m - 6 potions of brilliance
 n - a potion of berserk rage {unknown}
 q - a potion of resistance
 s - 3 potions of might
 u - 4 potions of heal wounds
 w - 2 potions of magic
 I - 3 potions of mutation
 J - 2 potions of haste


   Skills:
 * Level 11.6 Fighting
 + Level 7.7 Axes
 + Level 8.0 Armour
 + Level 7.3 Dodging
 - Level 4.4 Shields
 * Level 13.4 Invocations


You had 11 spell levels left.
You didn't know any spells.
Your spell library contained the following spells:

 Spells                   Type           Power      Damage    Failure   Level
 Apportation              Tloc           0%         N/A       75%         1
 Magic Dart               Conj           0%         1d3       75%         1
 Call Imp                 Summ           0%         N/A       86%         2
 Corpse Rot               Necr/Air       0%         N/A       86%         2
 Poisonous Vapours        Pois/Air       0%         N/A       86%         2
 Sublimation of Blood     Necr           0%         N/A       86%         2
 Call Canine Familiar     Summ           0%         N/A       98%         3
 Mephitic Cloud           Conj/Pois/Air  0%         N/A       98%         3
 Ozocubu's Armour         Ice            0%         N/A       98%         3
 Portal Projectile        Hex/Tloc       0%         N/A       98%         3
 Stone Arrow              Conj/Erth      0%         3d7       98%         3
 Airstrike                Air            0%         N/A       100%        4
 Animate Armour           Summ/Erth      0%         N/A       100%        4
 Leda's Liquefaction      Hex/Erth       0%         N/A       100%        4
 Olgreb's Toxic Radiance  Pois           0%         N/A       100%        4
 Petrify                  Tmut/Erth      0%         N/A       100%        4
 Summon Lightning Spire   Summ/Air       0%         N/A       100%        4
 Alistair's Intoxication  Tmut/Pois      0%         N/A       100%        5
 Irradiate                Conj/Tmut      0%         3d13      100%        5
 Lightning Bolt           Conj/Air       0%         1d11      100%        5
 Metabolic Englaciation   Hex/Ice        0%         N/A       100%        5
 Simulacrum               Ice/Necr       0%         N/A       100%        6
 Ozocubu's Refrigeration  Ice            0%         4d5       100%        7
 Ignition                 Fire           0%         3d3       100%        8
 Lehudib's Crystal Spear  Conj/Erth      0%         10d2      100%        8


Dungeon Overview and Level Annotations

Branches:
Dungeon (13/15)            Temple (1/1) D:5            Lair (0/6) D:9
    Orc (0/2) D:11         Vaults (0/5) D:13         Bailey (visited)

Altars:
Ashenzari
Cheibriados
Dithmenos
Elyvilon
Fedhas
Gozag
Hepliaklqana
Kikubaaqudgha
Makhleb
Nemelex Xobeh
Okawaru
Qazlal
Ru
Sif Muna
Trog
Uskayaw
Vehumet
Wu Jian
Xom
Yredelemnul
Zin
The Shining One
Lugonu

Shops:
D:9 (   D:11 :   D:12 *


Innate Abilities, Weirdness & Mutations

You are partially covered in slimy green scales. (AC +2)
You are mostly covered in sharp spines.
When hurt, damage is shared between your health and your magic reserves.
You regenerate magic rapidly.
When low on magic, you restore magic in place of health.


Message History

The ogre hits you with a +0 giant club. You block the ogre mage's attack.
You hit the ogre.
The ogre is severely wounded.
You block the ogre's attack.
The ogre mage hits you from afar with a +0 spear.
You block the ogre's attack.
You hit the ogre.
The ogre is severely wounded.
You block the ogre mage's attack. The ogre closely misses you.
You slash the ogre!
You kill the ogre!
Qazlal accepts your kill. The ogre mage misses you.
The ogre mage hits you but does no damage.
Your Armour skill increases to level 8!
You block the ogre mage's attack.
There is an open door, spattered with blood here.
Items here: )))))) †.
You slash the ogre mage!
The ogre mage is moderately wounded.
The ogre mage hits you but does no damage.
You slash the ogre mage!
The ogre mage is heavily wounded.
The ogre mage gestures at you while chanting.
The bolt of magma hits you!!
* * * LOW HITPOINT WARNING * * *
You hit the ogre mage.
The ogre mage is heavily wounded.
You block the ogre mage's attack.
You hit the ogre mage.
The ogre mage is heavily wounded.
The ogre mage hits you with a +0 spear.
* * * LOW HITPOINT WARNING * * *
You hit the ogre mage but do no damage.
The ogre mage is heavily wounded.
The ogre mage hits you with a +0 spear!
* * * LOW HITPOINT WARNING * * *
The ogre mage gestures at you while chanting.
The bolt of magma hits you!
You die...

######+## ####.# #..
..##### # ##.
#.....## .# ######
#...).# ###'###
#..... #.....#
....... #.#.##
#.....# ....... ..
#.....# #####(......
##
#.....####...@O......
#.....'....###.......
# #.....######
....... #. #.....#
....... #. #.....#
....... #. ####'##
####'## ## #.# .#
#### #.# # #... #.#
###.##


You could see an ogre mage (invisible).

Vanquished Creatures
  A yaktaur captain (D:13)
  2 vault guards (Bailey)
  A centaur warrior (D:13)
  4 two-headed ogres
  Pikel (D:5)
  2 deep elf pyromancers (D:12)
  An ugly thing (D:12)
  4 cyclopes
  A black mamba (shapeshifter) (D:10)
  A gargoyle (D:11)
  An unseen horror (D:11)
  2 yaktaurs (D:13)
  2 tengu conjurers (D:13)
  2 trolls
  Grinder (D:5)
  Prince Ribbit (D:6)
  A hornet (D:9)
  A blink frog (Bailey)
  4 slime creatures (D:12)
  2 shadows (D:10)
  Sigmund (D:3)
  A wraith (D:6)
  A wyvern (D:11)
  A hog (shapeshifter) (D:13)
  3 humans (Bailey)
  A steam dragon (D:9)
  11 vampire mosquitoes
  3 water moccasins
  An acid dragon (D:11)
  4 black bears
  4 orc warriors
  A hornet zombie (D:9)
  An ice beast (D:5)
  3 ogres
  4 centaurs
  4 phantoms
  Blork the orc (D:5)
  3 kobold brigands
  12 bullfrogs
  2 scorpions
  10 wights (D:9)
  4 crimson imps (D:10)
  5 centaur zombies
  5 hounds
  4 orc priests
  Crazy Yiuf (D:6)
  A gnoll shaman (D:5)
  A jelly (D:7)
  8 orc wizards
  Terence (D:3)
  4 iguanas
  6 howler monkey zombies (D:9)
  A howler monkey skeleton (D:4)
  8 gnolls
  4 adders
  A shadow imp (D:6)
  A white imp (D:7)
  A worm (D:4)
  2 dart slugs
  35 orcs
  7 endoplasms
  4 giant cockroaches
  7 goblins
  5 hobgoblins
  9 jackals (D:2)
  6 quokkas
  3 ball pythons
  7 bats
  A frilled lizard (D:3)
  21 kobolds
  7 rats
277 creatures vanquished.

Vanquished Creatures (others)
  A hydra (D:13)
  An unseen horror (D:13)
  16 demonic plants (D:2)
  5 fungi
  6 plants
  5 withered plants (D:2)
34 creatures vanquished.

Grand Total: 311 creatures vanquished

Notes
Turn   | Place    | Note
-------+----------+-------------------------------------------
     0 | D:1      | HallandMoats the Demonspawn Fighter began the quest for the
                  | Orb.
     0 | D:1      | Reached XP level 1. HP: 18/18 MP: 1/1
   165 | D:1      | Gained mutation: You regenerate magic rapidly. [demonic
                  | ancestry]
   165 | D:1      | Reached XP level 2. HP: 21/24 MP: 2/2
   817 | D:2      | Reached XP level 3. HP: 20/29 MP: 3/3
   856 | D:2      | HP: 1/29 [gnoll (2)]
  1182 | D:2      | Reached skill level 1 in Dodging
  1488 | D:2      | Gained mutation: You are partially covered in sharp spines.
                  | [demonic ancestry]
  1488 | D:2      | Reached XP level 4. HP: 30/35 MP: 4/4
  2075 | D:2      | Found a faded altar of an unknown god.
  2097 | D:2      | Gained mutation: When hurt, damage is shared between your
                  | health and your magic reserves. [demonic ancestry]
  2097 | D:2      | Reached XP level 5. HP: 41/41 MP: 5/5
  2707 | D:3      | Noticed Sigmund
  2714 | D:3      | Killed Sigmund
  2715 | D:3      | Gained mutation: You are mostly covered in sharp spines.
                  | [demonic ancestry]
  2715 | D:3      | Reached XP level 6. HP: 48/48 MP: 6/6
  2743 | D:3      | Noticed Terence
  2747 | D:3      | Killed Terence
  3282 | D:4      | Reached skill level 1 in Invocations
  3431 | D:4      | Reached XP level 7. HP: 55/55 MP: 8/8
  3499 | D:4      | Found a shadowy altar of Dithmenos.
  3612 | D:4      | Reached skill level 2 in Invocations
  3844 | D:5      | Entered Level 5 of the Dungeon
  3868 | D:5      | Reached skill level 5 in Fighting
  3893 | D:5      | Reached skill level 3 in Invocations
  4124 | D:5      | Noticed Blork the orc
  4133 | D:5      | Killed Blork the orc
  4134 | D:5      | Gained mutation: When low on magic, you restore magic in
                  | place of health. [demonic ancestry]
  4134 | D:5      | Reached XP level 8. HP: 59/63 MP: 10/10
  4172 | D:5      | Noticed Grinder
  4185 | D:5      | Killed Grinder
  4186 | D:5      | Reached skill level 4 in Invocations
  4250 | D:5      | Found a staircase to the Ecumenical Temple.
  4284 | Temple   | Entered the Ecumenical Temple
  4413 | D:5      | Found a stormy altar of Qazlal.
  4828 | D:5      | Noticed Pikel
  4842 | D:5      | Killed Pikel
  4843 | D:5      | Reached skill level 5 in Armour
  4843 | D:5      | Reached skill level 6 in Invocations
  4843 | D:5      | Reached XP level 9. HP: 33/71 MP: 6/13
  5112 | D:5      | Became a worshipper of Qazlal Stormbringer
  5332 | D:6      | Found a shimmering blue altar of Sif Muna.
  5445 | D:6      | Found an ornate altar of the Wu Jian Council.
  5546 | D:6      | Found a radiant altar of Vehumet.
  5547 | D:6      | Noticed Prince Ribbit
  5555 | D:6      | Found an iron altar of Okawaru.
  5561 | D:6      | Killed Prince Ribbit
  5620 | D:6      | Found a broken altar of Ashenzari.
  5944 | D:6      | Reached skill level 7 in Invocations
  6119 | D:6      | Reached skill level 5 in Axes
  6293 | D:6      | Found a runed translucent door.
  6294 | D:6      | Noticed Crazy Yiuf
  6302 | D:6      | Killed Crazy Yiuf
  6845 | D:7      | Found a sacrificial altar of Ru.
  7390 | D:8      | Reached skill level 8 in Invocations
  7546 | D:8      | Reached * piety under Qazlal
  7968 | D:8      | Found a blossoming altar of Fedhas.
  8564 | D:9      | Found a staircase to the Lair.
  8585 | D:9      | Gained mutation: You are partially covered in slimy green
                  | scales. (AC +2) [demonic ancestry]
  8585 | D:9      | Reached XP level 10. HP: 70/80 MP: 16/16
  8736 | D:9      | Found Runeyscho's Weapon Shop.
  9304 | D:9      | Reached skill level 5 in Dodging
  9375 | D:9      | Found a basalt altar of Yredelemnul.
  9617 | D:9      | Reached skill level 9 in Invocations
  9629 | D:9      | Reached ** piety under Qazlal
  9860 | D:10     | Entered Level 10 of the Dungeon
 10184 | D:10     | Found a snail-covered altar of Cheibriados.
 10290 | D:10     | Found a flagged portal.
 10420 | Bailey   | Entered a bailey
 10617 | Bailey   | Noticed a vault guard
 10649 | Bailey   | Reached skill level 10 in Invocations
 10652 | Bailey   | Killed a vault guard
 10946 | Bailey   | Noticed a vault guard
 10962 | Bailey   | Killed a vault guard
 10963 | Bailey   | Reached XP level 11. HP: 31/89 MP: 10/18
 11256 | D:10     | Identified a scroll of acquirement
 11256 | D:10     | Acquired the amulet of Ciofoxt {Reflect SH+5 SInv}
 11316 | D:10     | Found a burning altar of Makhleb.
 11489 | D:10     | Found a shimmering altar of Xom.
 11499 | D:10     | Paralysed by a crimson imp for 3 turns
 12063 | D:11     | Noticed a two-headed ogre
 12069 | D:11     | Killed a two-headed ogre
 12070 | D:11     | Reached skill level 11 in Invocations
 12364 | D:11     | Found Xywaur's Book Boutique.
 12500 | D:11     | Reached *** piety under Qazlal
 12552 | D:11     | Reached skill level 10 in Fighting
 12810 | D:11     | Found a staircase to the Orcish Mines.
 12900 | D:12     | Noticed a deep elf pyromancer
 12908 | D:12     | Killed a deep elf pyromancer
 12992 | D:12     | Noticed a deep elf pyromancer
 13329 | D:12     | Killed a deep elf pyromancer
 13526 | D:12     | Noticed a two-headed ogre
 13536 | D:12     | Killed a two-headed ogre
 13537 | D:12     | Reached skill level 12 in Invocations
 13795 | D:12     | Noticed a purple ugly thing
 13809 | D:12     | Killed a purple ugly thing
 14262 | D:12     | Found Nomanusmu's Assorted Antiques.
 14515 | D:13     | Reached XP level 12. HP: 98/99 MP: 21/21
 14821 | D:13     | Noticed a centaur warrior
 14826 | D:13     | Killed a centaur warrior
 14880 | D:13     | Found a gate to the Vaults.
 14881 | D:13     | Noticed a yaktaur captain
 15240 | D:13     | Reached skill level 13 in Invocations
 15423 | D:13     | Noticed a six-headed hydra
 15430 | D:13     | Killed a seven-headed hydra
 15442 | D:13     | Killed a yaktaur captain
 15758 | D:13     | Noticed a two-headed ogre
 15758 | D:13     | Noticed a two-headed ogre
 15760 | D:13     | Noticed an ogre mage
 15766 | D:13     | Killed a two-headed ogre
 15773 | D:13     | Killed a two-headed ogre
 15784 | D:13     | HP: 4/100 [ogre mage (5)]
 15784 | D:13     | Killed from afar by an ogre mage

Illustrated notes

Levels and vault maps discovered:
D:1:      dpeg_arrival_rooms_b, layout_basic
D:2:      layout_loops_corners, shapermc_ecumenical_altar_gd,
          small_statue_intersection, solitary_fountain
D:3:      layout_basic, solitary_fountain, uniq_sigmund, uniq_terence
D:4:      layout_basic, kennysheep_little_box
D:5:      layout_loops_ring, nicolae_qazlal_scattered_showers,
          mainiacjoe_overflow_24_doors, minmay_temple_entry_glassed_door,
          uniq_grinder, uniq_blork_the_orc, uniq_pikel
D:6:      layout_loops_ring, cheibrodos_ashenzari_chains, fiery_altar_vehumet,
          okawaru_gym_becter, nzn_wu_jian_contemplation,
          mainiacjoe_overflow_concentric_impassable, dk_noncrumbling_2,
          kennysheep_generic_room_6, uniq_prince_ribbit1,
          uniq_crazy_yiuf_cottage
D:7:      layout_gridville, nicolae_ru_the_path_less_chosen, serial_rivers,
          chequers_serial_rivers_large_a, chequers_serial_rivers_small_b,
          chequers_serial_rivers_micro_c, chequers_serial_rivers_marsh,
          chequers_serial_rivers_micro_e
D:8:      nicolae_cairo_tiling_large, layout_gridville,
          mainiacjoe_overflow_surrounded_room
D:9:      layout_loops_corners, nicolae_yredelemnul_corpse_copse,
          lair_entry_dummy, serial_shops, nicolae_inconvenience_store
D:10:     layout_loops_ring, led_xom_imps, kennysheep_slug_shrine,
          lemuel_doored_altar, enter_bailey_1
D:11:     layout_stronghold, hiddenorc1_lemuel, serial_shops, shop
D:12:     layout_rooms, serial_shops, nicolae_shop_overgrown_old_shop,
          hangedman_decor_clover_reticule, roderic_serpentine_path
D:13:     layout_roguey, david_vaults_2
Temple:   corrupted_temple

Skill      XL: |  1  2  3  4  5  6  7  8  9 10 11 12 |
---------------+-------------------------------------+-----
Shields        | 3 4 |  4.4
Axes           | 2 3 4 5 6 7 |  7.7
Armour         | 3 4 5 6 7 8 |  8.0
Dodging        | 1 2 3 4 5 6 7 |  7.3
Fighting       | 4 5 6 8 9 10 11 | 11.6
Invocations    | 1 3 6 8 10 12 13 | 13.4

Action                   |  1- 3 |  4- 6 |  7- 9 | 10-12 || total
-------------------------+-------+-------+-------+-------++-------
Melee: War axe           |    43 |       |       |       ||    43
       Whip              |    51 |   100 |   284 |   196 ||   631
       Broad axe         |       |       |       |   257 ||   257
Evoke: Wand              |       |       |       |     2 ||     2
  Use: Potion            |       |     1 |       |     4 ||     5
       Scroll            |       |       |       |    27 ||    27
 Stab: Invisible         |       |       |       |     1 ||     1
Armor: Scale mail        |    45 |    26 |    86 |   153 ||   310
Dodge: Dodged            |    69 |    38 |   124 |   195 ||   426
Block: Buckler           |    32 |    19 |    59 |   314 ||   424
       Reflection        |       |       |       |    17 ||    17

Table legend: (Time is in decaauts)
 A = Elapsed time spent in this place.
 B = Non-inter-level travel time spent in this place.
 C = Inter-level travel time spent in this place.
 D = Time resting spent in this place.
 E = Time spent auto-exploring this place.
 F = Levels seen in this place.
 G = Mean time per level.
                   A        B        C        D        E       F      G
               +--------+--------+--------+--------+--------+-----+--------+
         Total |  15897 |  15455 |    442 |   1575 |  11682 |  15 | 1059.8 |
       Dungeon |  14973 |  14543 |    430 |   1575 |  10966 |  13 | 1151.8 |
        Temple |     99 |     87 |     12 |      0 |     79 |   1 |   99.0 |
        Bailey |    824 |    824 |      0 |      0 |    636 |   1 |  824.0 |
               +--------+--------+--------+--------+--------+-----+--------+

Top non-repeatable levels by time:
     D:9: 1644 daAuts
    D:11: 1372 daAuts
     D:2: 1370 daAuts
     D:5: 1355 daAuts
    D:13: 1351 daAuts
     D:8: 1297 daAuts
    D:12: 1274 daAuts
     D:1: 1046 daAuts
     D:6: 1041 daAuts
    D:10: 954 daAuts
  Bailey: 824 daAuts
     D:7: 806 daAuts
     D:4: 759 daAuts
     D:3: 697 daAuts
  Temple: 99 daAuts
